 Dungeon Crawl Stone Soup version 0.15-a0-861-g2f358d9 (webtiles) character file.

66 Aargh the Bolt Thrower (level 4, -4/33 HPs)
             Began as a Formicid Hunter on May 16, 2014.
             Slain by a worm (7 damage)
             ... on Level 3 of the Dungeon.
             The game lasted 00:16:49 (2069 turns).

Aargh the Bolt Thrower (Formicid Hunter)            Turns: 2069, Time: 00:16:49

HP  -4/33        AC  4     Str 16      XL: 4   Next: 37%
MP   2/2         EV 10     Int 11      God:
Gold 145         SH  7     Dex 12      Spells:  0 memorised,  5 levels left

rFire  . . .     SeeInvis +     e - +2,+3 dagger (antimagic)
rCold  . . .     Clarity  .     d - +0 leather armour
rNeg   . . .     Conserve .     g - +0 buckler
rPois  .         rCorr    .     (helmet unavailable)
rElec  .         rRot     .     x - +0 cloak
SustAb .         Spirit   .     (no gloves)
rMut   .         Warding  .     (no boots)
Gourm  .         Stasis   +     (no amulet)
MR     .....                    (no ring)
                                o - ring of flight

@: not resistant to hostile enchantments, unstealthy
A: permanent stasis, dig shafts and tunnels, four strong arms, antennae 3
a: Dig, Shaft Self, Evoke Flight


You were on level 3 of the Dungeon.
You were hungry.

You visited 1 branch of the dungeon, and saw 4 of its levels.

You collected 145 gold pieces.

Inventory:

Hand weapons
 a - a +0,+0 short sword
 c - a +1,+1 crossbow
 e - a +2,+3 antimagic dagger (weapon)
 n - a +0,+0 short sword
 p - a +0,+0 dagger
Missiles
 b - 11 bolts
 h - 5 tomahawks (quivered)
 i - 35 poisoned needles
 q - a dart of flame
 w - 13 silver sling bullets
 y - 15 silver darts
 z - 31 stones
Armour
 d - a +0 leather armour (worn)
 g - a +0 buckler (worn)
 s - a +0 scale mail
 x - a +0 cloak (worn)
Comestibles
 f - 2 bread rations
 k - 2 meat rations
 r - a chunk of rat flesh {@w1}
Scrolls
 m - a scroll of identify
Jewellery
 o - a ring of flight (left hand)
Potions
 j - a potion of restore abilities {unknown}
 l - a potion of degeneration {unknown}
 u - 3 potions of curing {unknown}
 A - a potion of mutation {unknown}
 B - a potion of agility {unknown}
 C - 2 potions of haste {unknown}
 E - a potion of brilliance {unknown}
Miscellaneous
 v - a plain deck of summonings


   Skills:
 * Level 1.8 Fighting
 + Level 0.2 Short Blades
 + Level 4.5 Crossbows
 + Level 0.7 Armour
 + Level 2.0 Dodging
 * Level 1.7 Stealth
 * Level 1.0 Shields
 * Level 1.2 Spellcasting
 * Level 0.5 Evocations


You had 5 spell levels left.
You didn't know any spells.

Dungeon Overview and Level Annotations

Branches:
Dungeon (4/15)
 Temple: D:4-7

Altars:
Nemelex Xobeh


Innate Abilities, Weirdness & Mutations

Your are under a permanent stasis effect.
You can dig through walls and to a lower floor.
Your four strong arms can wield two-handed weapons with a shield.
You have a pair of large antennae on your head (SInv).


Message History

You hit the worm.
The worm is heavily wounded.
You hit the worm but do no damage.
The worm is heavily wounded.
The worm bites you.
You hit the worm.
The worm is heavily wounded.
You hit the worm.
The worm is heavily wounded.
The worm bites you.
You hit the worm.
The worm is severely wounded.
The worm closely misses you.
You barely miss the worm.
The worm is severely wounded.
You hit the worm.
The worm is almost dead.
The worm bites you!
* * * LOW HITPOINT WARNING * * *
You completely miss the worm.
The worm is almost dead.
You hit the worm.
The worm is almost dead.
You block the worm's attack.
You barely miss the worm.
The worm is almost dead.
The worm bites you!
* * * LOW HITPOINT WARNING * * *
You hit the worm.
The worm is almost dead.
You are feeling hungry.
You hit the worm but do no damage.
The worm is almost dead.
You block the worm's attack.
You hit the worm.
The worm is almost dead.
You hit the worm but do no damage.
The worm is almost dead.
The worm bites you!
You die...

.#####.(.
... ....
.#. ..
##.#
####...##
.........#
#..w@#
####.#
##.##
#.#.#
##.## #.#
#.# #.#
#.#


You could see a worm.

Vanquished Creatures
  2 adders (D:2)
  A worm (D:2)
  A giant gecko (D:3)
  An ooze (D:2)
  An orc (D:3)
  5 giant cockroaches
  3 hobgoblins
  7 jackals
  5 bats
  A giant newt (D:2)
  3 goblins
  4 kobolds
  A quokka (D:2)
  4 rats
39 creatures vanquished.

Notes
Turn   | Place    | Note
--------------------------------------------------------------
     0 | D:1      | Aargh, the Formicid Hunter, began the quest for the Orb.
     0 | D:1      | Reached XP level 1. HP: 15/15 MP: 1/1
   186 | D:2      | Reached XP level 2. HP: 21/21 MP: 3/3
   272 | D:2      | Reached skill level 1 in Spellcasting
   272 | D:2      | Reached XP level 3. HP: 18/26 MP: 3/5
   471 | D:2      | Found a sparkling altar of Nemelex Xobeh.
  1437 | D:3      | Reached skill level 2 in Dodging
  1500 | D:3      | Reached skill level 1 in Shields
  1500 | D:3      | Reached XP level 4. HP: 17/33 MP: 2/7
  2065 | D:3      | HP: 3/33 [worm (11)]
  2069 | D:3      | Slain by a worm

Action                   |  1- 3 |  4- 6 || total
-------------------------+-------+-------++-------
Melee: Short sword       |    37 |     4 ||    41
       Dagger            |    22 |    19 ||    41
 Fire: Crossbow          |    46 |    11 ||    57
  Use: Scroll            |     1 |     2 ||     3

Table legend:
 A = Turns spent in this place as a percentage of turns spent in the entire game.
 B = Non-inter-level travel turns spent in this place as a percentage of non-inter-level travel turns spent in the entire game.
 C = Inter-level travel turns spent in this place as a percentage of turns spent in this place.
 D = Turns resting spent in this place as a percentage of non-inter-level travel turns spent in this place.
 E = Turns spent auto-exploring this place as a percentage of non-inter-level travel turns spent in this place.
 F = Non-inter-level travel turns spent in this place divided by the number of levels of this place that you've seen.
                   A       B       C       D       E      F
               +-------+-------+-------+-------+-------+----------------------
         Total | 100.0 | 100.0 |   0.0 |   1.3 |   2.2 | 286.2
       Dungeon | 100.0 | 100.0 |   0.0 |   1.3 |   2.2 | 286.2
               +-------+-------+-------+-------+-------+----------------------

Table legend:
 A = Kills in this place as a percentage of kills in entire the game.
 B = Kills by you in this place as a percentage of kills by you in the entire game.
 C = Kills by friends in this place as a percentage of kills by friends in the entire game.
 D = Other kills in this place as a percentage of other kills in the entire game.
 E = Experience gained in this place as a percentage of experience gained in the entire game.
 F = Experience gained in this place divided by the number of levels of this place that you have seen.
                   A       B       C       D       E      F
               +-------+-------+-------+-------+-------+----------------------
         Total | 100.0 | 100.0 |  -nan |  -nan | 100.0 |  23.8
       Dungeon | 100.0 | 100.0 |  -nan |  -nan | 100.0 |  23.8
               +-------+-------+-------+-------+-------+----------------------

Vault maps used:
D:1:      minmay_arrival_checkered_box
D:2:      nemelex_deck
D:4:      overflow_temple_1_default, serial_park_tiny_2, uniq_blork_the_orc,
          uniq_grinder

Action                   |  1- 3 |  4- 6 || total
-------------------------+-------+-------++-------
Melee: Short sword       |    37 |     4 ||    41
       Dagger            |    22 |    19 ||    41
 Fire: Crossbow          |    46 |    11 ||    57
  Use: Scroll            |     1 |     2 ||     3
Dungeon Crawl Stone Soup version 0.15-a0-861-g2f358d9 (webtiles) character file. 66 Aargh the Bolt Thrower (level 4, -4/33 HPs) Began as a Formicid Hunter on May 16, 2014. Slain by a worm (7 damage) ... on Level 3 of the Dungeon. The game lasted 00:16:49 (2069 turns). Aargh the Bolt Thrower (Formicid Hunter) Turns: 2069, Time: 00:16:49 HP -4/33 AC 4 Str 16 XL: 4 Next: 37% MP 2/2 EV 10 Int 11 God: Gold 145 SH 7 Dex 12 Spells: 0 memorised, 5 levels left rFire . . . SeeInvis + e - +2,+3 dagger (antimagic) rCold . . . Clarity . d - +0 leather armour rNeg . . . Conserve . g - +0 buckler rPois . rCorr . (helmet unavailable) rElec . rRot . x - +0 cloak SustAb . Spirit . (no gloves) rMut . Warding . (no boots) Gourm . Stasis + (no amulet) MR ..... (no ring) o - ring of flight @: not resistant to hostile enchantments, unstealthy A: permanent stasis, dig shafts and tunnels, four strong arms, antennae 3 a: Dig, Shaft Self, Evoke Flight You were on level 3 of the Dungeon. You were hungry. You visited 1 branch of the dungeon, and saw 4 of its levels. You collected 145 gold pieces. Dungeon Overview and Level Annotations Branches: Dungeon (4/15) Temple: D:4-7 Altars: Nemelex Xobeh Innate Abilities, Weirdness & Mutations Your are under a permanent stasis effect. You can dig through walls and to a lower floor. Your four strong arms can wield two-handed weapons with a shield. You have a pair of large antennae on your head (SInv). Skills: * Level 1.8 Fighting + Level 0.2 Short Blades + Level 4.5 Crossbows + Level 0.7 Armour + Level 2.0 Dodging * Level 1.7 Stealth * Level 1.0 Shields * Level 1.2 Spellcasting * Level 0.5 Evocations You had 5 spell levels left. You didn't know any spells. Inventory: Hand weapons a - a +0,+0 short sword c - a +1,+1 crossbow e - a +2,+3 antimagic dagger (weapon) n - a +0,+0 short sword p - a +0,+0 dagger Missiles b - 11 bolts h - 5 tomahawks (quivered) i - 35 poisoned needles q - a dart of flame w - 13 silver sling bullets y - 15 silver darts z - 31 stones Armour d - a +0 leather armour (worn) g - a +0 buckler (worn) s - a +0 scale mail x - a +0 cloak (worn) Comestibles f - 2 bread rations k - 2 meat rations r - a chunk of rat flesh {@w1} Scrolls m - a scroll of identify Jewellery o - a ring of flight (left hand) Potions j - a potion of restore abilities {unknown} l - a potion of degeneration {unknown} u - 3 potions of curing {unknown} A - a potion of mutation {unknown} B - a potion of agility {unknown} C - 2 potions of haste {unknown} E - a potion of brilliance {unknown} Miscellaneous v - a plain deck of summonings Message History You hit the worm. The worm is heavily wounded. You hit the worm but do no damage. The worm is heavily wounded. The worm bites you. You hit the worm. The worm is heavily wounded. You hit the worm. The worm is heavily wounded. The worm bites you. You hit the worm. The worm is severely wounded. The worm closely misses you. You barely miss the worm. The worm is severely wounded. You hit the worm. The worm is almost dead. The worm bites you! * * * LOW HITPOINT WARNING * * * You completely miss the worm. The worm is almost dead. You hit the worm. The worm is almost dead. You block the worm's attack. You barely miss the worm. The worm is almost dead. The worm bites you! * * * LOW HITPOINT WARNING * * * You hit the worm. The worm is almost dead. You are feeling hungry. You hit the worm but do no damage. The worm is almost dead. You block the worm's attack. You hit the worm. The worm is almost dead. You hit the worm but do no damage. The worm is almost dead. The worm bites you! You die... .#####.(. ... .... .#. .. ##.# ####...## .........# #..w@# ####.# ##.## #.#.# ##.## #.# #.# #.# #.# You could see a worm.

Vanquished Creatures
  2 adders (D:2)
  A worm (D:2)
  A giant gecko (D:3)
  An ooze (D:2)
  An orc (D:3)
  5 giant cockroaches
  3 hobgoblins
  7 jackals
  5 bats
  A giant newt (D:2)
  3 goblins
  4 kobolds
  A quokka (D:2)
  4 rats
39 creatures vanquished. Notes Turn | Place | Note -------------------------------------------------------------- 0 | D:1 | Aargh, the Formicid Hunter, began the quest for the Orb. 0 | D:1 | Reached XP level 1. HP: 15/15 MP: 1/1 186 | D:2 | Reached XP level 2. HP: 21/21 MP: 3/3 272 | D:2 | Reached skill level 1 in Spellcasting 272 | D:2 | Reached XP level 3. HP: 18/26 MP: 3/5 471 | D:2 | Found a sparkling altar of Nemelex Xobeh. 1437 | D:3 | Reached skill level 2 in Dodging 1500 | D:3 | Reached skill level 1 in Shields 1500 | D:3 | Reached XP level 4. HP: 17/33 MP: 2/7 2065 | D:3 | HP: 3/33 [worm (11)] 2069 | D:3 | Slain by a worm
